 Dungeon Crawl Stone Soup version 0.27-a0-1137-g3ef0f4ec91 (webtiles) character file.

Game seed: 7493169458754503768

258 1player the Covert (level 6, 0/53 HPs)
             Began as a Gnoll Delver on May 6, 2021.
             Succumbed to an adder's poison
             ... on level 2 of the Dungeon.
             The game lasted 00:10:05 (2452 turns).

1player the Covert (Gnoll Delver)                   Turns: 2452, Time: 00:10:06

Health: 0/53       AC:  5    Str:  8 (11) XL:     6   Next: 16%
Magic:  8/8        EV: 11    Int: 10 (11) God:
Gold:   18         SH:  0    Dex: 12 (14) Spells: 8/8 levels left

rFire    . . .     SeeInvis .   b - +1 dagger (speed)
rCold    . . .     Faith    .   (no shield)
rNeg     . . .     Spirit   .   h - +0 ring mail
rPois    .         Reflect  .   (no helmet)
rElec    .         Harm     .   (no cloak)
rCorr    .         Rampage  .   (no gloves)
Will     .....                  (no boots)
Stlth    +++.......             (no amulet)
HPRegen  0.17/turn              (no ring)
MPRegen  0.11/turn              (no ring)

@: lethally poisoned (0 -> -1)
A: fangs 1, strong nose, distributed training
a: no special abilities


You were on level 2 of the Dungeon.
You visited 2 branches of the dungeon, and saw 5 of its levels.

You collected 18 gold pieces.

Inventory:

Hand Weapons
 a - a +0 hunting sling
 b - a +1 dagger of speed (weapon)
 o - a +0 short sword
Missiles
 j - 4 boomerangs (quivered)
 s - 13 sling bullets
Armour
 h - a +0 ring mail (worn)
 n - a scarf of harm
 r - a +0 leather armour
Wands
 g - a wand of digging (3)
 p - a wand of flame (9)
Scrolls
 c - 2 scrolls of fog
 k - a scroll of noise {unknown}
 l - a scroll of silence {unknown}
 m - a scroll of amnesia {unknown}


   Skills:
 + Level 6.8 Fighting
 + Level 4.9 Short Blades
 + Level 1.8 Long Blades
 + Level 1.8 Axes
 + Level 1.8 Maces & Flails
 + Level 1.8 Polearms
 + Level 1.8 Staves
 + Level 1.8 Slings
 + Level 1.8 Bows
 + Level 1.8 Crossbows
 + Level 1.8 Throwing
 + Level 1.8 Armour
 + Level 4.9 Dodging
 + Level 9.7 Stealth
 + Level 1.8 Shields
 + Level 1.8 Unarmed Combat
 + Level 1.8 Spellcasting
 + Level 1.4 Conjurations
 + Level 1.4 Hexes
 + Level 1.4 Summonings
 + Level 1.4 Necromancy
 + Level 1.4 Translocations
 + Level 1.4 Transmutations
 + Level 1.4 Fire Magic
 + Level 1.4 Ice Magic
 + Level 1.4 Air Magic
 + Level 1.4 Earth Magic
 + Level 1.4 Poison Magic
 + Level 2.0 Invocations
 + Level 1.8 Evocations


You had 8 spell levels left.
You didn't know any spells.
Your spell library was empty.

Dungeon Overview and Level Annotations

Branches:
Dungeon (5/15)             Temple (1/1) D:4

Altars:
Ashenzari
Cheibriados
Dithmenos
Elyvilon
Fedhas
Kikubaaqudgha
Makhleb
Nemelex Xobeh
Okawaru
Qazlal
Ru
Sif Muna
Trog
Uskayaw
Wu Jian
Xom
Yredelemnul
Zin
The Shining One

Shops:
D:5 *

Annotations:
D:3 Natasha; Sigmund
D:4 2 transporters, kae's ghost, amateur DsAK
D:5 1 transporter


Innate Abilities, Weirdness & Mutations

You have very sharp teeth.
Your uncanny sense of smell can sniff out nearby items.
Your experience applies equally to all skills.


Message History

You hit the adder but do no damage.
The adder is moderately wounded.
You feel sick. The adder bites you.
You are more poisoned.
The adder poisons you!
You miss the adder.
The adder is moderately wounded.
The endoplasm freezes you.
You are frozen.
* * * LOW HITPOINT WARNING * * *
The adder bites you but does no damage.
The quokka twitches its whiskers.
You barely miss the adder. You bite the adder.
The adder is heavily wounded.
You feel sick.
You hit the adder. You bite the adder.
The adder is severely wounded.
The adder bites you.
* * * LOW HITPOINT WARNING * * *
The endoplasm hits you but does no damage.
You closely miss the adder. Your bite misses the adder.
The adder is severely wounded.
You feel sick. The adder bites you.
* * * LOW HITPOINT WARNING * * *
You hit the endoplasm.
The endoplasm is severely wounded.
The endoplasm freezes you.
You are frozen.
* * * LOW HITPOINT WARNING * * *
Okay, then.
Unknown command.
It was a potion of degeneration.
There was something very wrong with that liquid.
You feel weakened.
You feel dopey.
You feel clumsy.
* * * LOW HITPOINT WARNING * * *
You feel sick. The adder bites you but does no damage.
The endoplasm closely misses you. The adder closely misses you.
You hit the endoplasm.
You kill the endoplasm!
You die...

#............# .#..#.#
#.......!....###.#.....
#............##........
#............##........
#=............#........
#..............S.......
.........#r#.....
........##S## ...
........#.$@# .
######.###### #. ∆ ..
#.# ∆ ∆ ∆


You could see an adder, a quokka and a ball python.

Vanquished Creatures
  A water moccasin (D:5)
  A hound (D:4)
  A jelly (D:5)
  Natasha (D:3)
  A hound skeleton (D:4)
  3 adders
  A dart slug (D:3)
  8 orcs
  2 ball pythons
  An endoplasm (D:2)
  A giant cockroach (D:4)
  2 hobgoblins (D:3)
  A quokka (D:4)
  A frilled lizard (D:3)
  A goblin (D:4)
  A rat (D:2)
27 creatures vanquished.

Notes
Turn   | Place    | Note
-------+----------+-------------------------------------------
     0 | D:5      | Reached skill level 9 in Stealth
     0 | D:5      | 1player the Gnoll Delver began the quest for the Orb.
     0 | D:5      | Reached XP level 1. HP: 23/23 MP: 1/1
    67 | D:5      | Found Hyohimaf's Elemental Accessories.
   200 | D:5      | Noticed a water moccasin
   203 | D:5      | Killed a water moccasin
   204 | D:5      | Reached skill level 1 in Long Blades
   204 | D:5      | Reached skill level 1 in Axes
   204 | D:5      | Reached skill level 1 in Maces & Flails
   204 | D:5      | Reached skill level 1 in Polearms
   204 | D:5      | Reached skill level 1 in Staves
   204 | D:5      | Reached skill level 1 in Slings
   204 | D:5      | Reached skill level 1 in Bows
   204 | D:5      | Reached skill level 1 in Crossbows
   204 | D:5      | Reached skill level 1 in Throwing
   204 | D:5      | Reached skill level 1 in Armour
   204 | D:5      | Reached skill level 1 in Shields
   204 | D:5      | Reached skill level 1 in Unarmed Combat
   204 | D:5      | Reached skill level 1 in Spellcasting
   204 | D:5      | Reached skill level 1 in Conjurations
   204 | D:5      | Reached skill level 1 in Hexes
   204 | D:5      | Reached skill level 1 in Summonings
   204 | D:5      | Reached skill level 1 in Necromancy
   204 | D:5      | Reached skill level 1 in Translocations
   204 | D:5      | Reached skill level 1 in Transmutations
   204 | D:5      | Reached skill level 1 in Fire Magic
   204 | D:5      | Reached skill level 1 in Ice Magic
   204 | D:5      | Reached skill level 1 in Air Magic
   204 | D:5      | Reached skill level 1 in Earth Magic
   204 | D:5      | Reached skill level 1 in Poison Magic
   204 | D:5      | Reached skill level 1 in Invocations
   204 | D:5      | Reached skill level 1 in Evocations
   204 | D:5      | Reached XP level 2. HP: 29/29 MP: 1/3
   204 | D:5      | Reached XP level 3. HP: 35/35 MP: 1/4
   204 | D:5      | Reached XP level 4. HP: 41/41 MP: 1/5
   269 | D:4      | Reached XP level 5. HP: 45/47 MP: 5/7
   363 | D:5      | Found a transporter.
   644 | D:5      | Noticed an ice beast
  1057 | D:5      | Noticed an ogre
  1111 | D:4      | Found a bloodstained altar of Trog.
  1111 | D:4      | Noticed a black bear
  1112 | D:4      | Noticed a black bear
  1143 | D:4      | Noticed kae's ghost (amateur DsAK)
  1144 | D:4      | Found a transporter.
  1148 | D:4      | Noticed an ogre
  1177 | D:4      | Found a staircase to the Ecumenical Temple.
  1199 | Temple   | Entered the Ecumenical Temple
  2070 | D:4      | Found a transporter.
  2109 | D:3      | Noticed Natasha
  2115 | D:3      | Noticed Sigmund
  2326 | D:3      | Killed Natasha
  2327 | D:3      | Reached XP level 6. HP: 52/53 MP: 8/8
  2352 | D:3      | Noticed Natasha
  2450 | D:2      | HP: 2/53 [frozen (1)]
  2452 | D:2      | Succumbed to an adder's poison

Illustrated notes

Levels and vault maps discovered:
D:2:      layout_basic, minmay_divided_ellipse, uniq_crazy_yiuf_cottage
D:3:      layout_basic, kennysheep_generic_room_3, uniq_natasha, uniq_sigmund,
          uniq_terence, uniq_grinder
D:4:      layout_gridville, trog_ov_bears_minmay,
          minmay_temple_entry_large_hall, gammafunk_ghost_smash
D:5:      gammafunk_cloud_chamber, layout_loops_corners, marbit_many_paths,
          nicolae_elemental_shop, eino_small_chamber_without_monster,
          minmay_circle_x
Temple:   eino_narrow_crystal_temple

Skill      XL: |  1  2  3  4  5 |
---------------+----------------+-----
Stealth        | |  9.7
Long Blades    | 1 |  1.8
Axes           | 1 |  1.8
Maces & Flails | 1 |  1.8
Polearms       | 1 |  1.8
Staves         | 1 |  1.8
Slings         | 1 |  1.8
Bows           | 1 |  1.8
Crossbows      | 1 |  1.8
Throwing       | 1 |  1.8
Armour         | 1 |  1.8
Shields        | 1 |  1.8
Unarmed Combat | 1 |  1.8
Spellcasting   | 1 |  1.8
Conjurations   | 1 |  1.4
Hexes          | 1 |  1.4
Summonings     | 1 |  1.4
Necromancy     | 1 |  1.4
Translocations | 1 |  1.4
Transmutations | 1 |  1.4
Fire Magic     | 1 |  1.4
Ice Magic      | 1 |  1.4
Air Magic      | 1 |  1.4
Earth Magic    | 1 |  1.4
Poison Magic   | 1 |  1.4
Invocations    | 1 2 |  2.0
Evocations     | 1 |  1.8
Fighting       | |  6.8
Short Blades   | |  4.9
Dodging        | |  4.9

Action                   |  1- 3 |  4- 6 || total
-------------------------+-------+-------++-------
Melee: Short sword       |     1 |    25 ||    26
       Dagger            |       |    87 ||    87
       Bite              |       |    13 ||    13
 Fire: Hunting sling     |       |    20 ||    20
Throw: Boomerang         |       |    21 ||    21
Evoke: Wand              |       |     9 ||     9
  Use: Scroll            |       |     2 ||     2
       Potion            |       |     3 ||     3
 Stab: Sleeping          |     1 |     1 ||     2
Armor: Ring mail         |       |    59 ||    59
Dodge: Dodged            |       |   132 ||   132

Table legend: (Time is in decaauts)
 A = Elapsed time spent in this place.
 B = Non-inter-level travel time spent in this place.
 C = Inter-level travel time spent in this place.
 D = Time resting spent in this place.
 E = Time spent auto-exploring this place.
 F = Levels seen in this place.
 G = Mean time per level.
                   A        B        C        D        E       F      G
               +--------+--------+--------+--------+--------+-----+--------+
         Total |   2401 |   2330 |     71 |    767 |    236 |   5 |  480.2 |
       Dungeon |   2172 |   2114 |     58 |    767 |     22 |   4 |  543.0 |
        Temple |    228 |    215 |     13 |      0 |    214 |   1 |  228.0 |
               +--------+--------+--------+--------+--------+-----+--------+

Top non-repeatable levels by time:
     D:5: 1023 daAuts
     D:4: 834 daAuts
     D:3: 281 daAuts
  Temple: 228 daAuts
     D:2: 33 daAuts
